 Dungeon Crawl Stone Soup version 0.27-a0-1090-gb115f176c6 (webtiles) character file.

Game seed: 15913117813524910129

155 tardwrangler69 the Stinger (level 5, -1/24 HPs)
             Began as a Spriggan Venom Mage on Apr 28, 2021.
             Slain by a bullfrog (6 damage)
             ... in a sewer.
             The game lasted 00:09:35 (4148 turns).

tardwrangler69 the Stinger (Spriggan Venom Mage)    Turns: 4148, Time: 00:09:35

Health: -1/24      AC:  3    Str:  4    XL:     5   Next: 14%
Magic:  10/12      EV: 17    Int: 18    God:
Gold:   76         SH:  0    Dex: 15    Spells: 11/12 levels left

rFire    . . .     SeeInvis +   e - +0 short sword
rCold    . . .     Faith    .   (shield restricted)
rNeg     . . .     Spirit   .   a - +0 robe
rPois    .         Reflect  .   (helmet restricted)
rElec    .         Harm     .   f - +0 cloak
rCorr    .         Rampage  .   (gloves unavailable)
Will     .....                  (boots unavailable)
Stlth    +.........             (no amulet)
HPRegen  0.08/turn              (no ring)
MPRegen  0.13/turn              (no ring)

@: lethally poisoned (-1 -> -8), slow
A: very small, no large weapons, unfitting armour, see invisible, speed 3
a: no special abilities


You were in a sewer.
You visited 1 branch of the dungeon, and saw 3 of its levels.
You also visited: Sewer.

You collected 76 gold pieces.

Inventory:

Hand Weapons
 e - a +0 short sword (weapon)
Armour
 a - a +0 robe (worn)
 f - a +0 cloak (worn)
Wands
 p - a wand of iceblast (6)
Scrolls
 b - a scroll of enchant weapon {unknown}
 c - a scroll of noise {unknown}
 g - 3 scrolls of fear {unknown}
 j - 2 scrolls of identify {unknown}
 n - 3 scrolls of acquirement {unknown}
 q - 2 scrolls of magic mapping
Potions
 d - 2 potions of heal wounds {unknown}
 h - a potion of resistance {unknown}
 i - 2 potions of curing {unknown}
 k - a potion of degeneration {unknown}
 l - a potion of ambrosia {unknown}
 m - a potion of brilliance {unknown}
 o - 2 potions of might {unknown}


   Skills:
 - Level 2.6 Dodging
 - Level 3.0 Stealth
 + Level 4.1 Spellcasting
 - Level 2.4 Transmutations
 * Level 5.0 Poison Magic


You had 11 spell levels left.
You knew the following spells:

 Your Spells              Type           Power      Damage    Failure   Level
a - Sting                 Tmut/Pois      68%        1d6       3%          1

Your spell library contained the following spells:

 Spells                   Type           Power      Damage    Failure   Level
 Poisonous Vapours        Pois/Air       24%        N/A       8%          2
 Corona                   Hex            3%         N/A       14%         1
 Ignite Poison            Fire/Tmut/Pois 12%        N/A       16%         3
 Olgreb's Toxic Radiance  Pois           21%        N/A       19%         4
 Ensorcelled Hibernation  Hex/Ice        6%         N/A       22%         2
 Mephitic Cloud           Conj/Pois/Air  9%         N/A       22%         3
 Confusing Touch          Hex            3%         N/A       41%         3
 Dazzling Flash           Conj/Hex       6%         N/A       41%         3
 Tukima's Dance           Hex            3%         N/A       41%         3
 Ice Form                 Ice/Tmut       8%         N/A       65%         4
 Summon Ice Beast         Ice/Summ       3%         N/A       82%         4
 Freezing Cloud           Conj/Ice/Air   1%         6-21      100%        6
 Simulacrum               Ice/Necr       1%         N/A       100%        6
 Ozocubu's Refrigeration  Ice            1%         4d5       100%        7


Dungeon Overview and Level Annotations

Branches:
Dungeon (3/15)              Sewer (1/1)

Altars:
Kikubaaqudgha

Shops:
D:1 =


Innate Abilities, Weirdness & Mutations

You are very small and have problems with some larger weapons.
You are too small for most types of armour.
You have supernaturally acute eyesight. (SInv)
You cover ground extremely quickly. (Speed+++)


Message History

You kill the ball python!
The ball python hisses angrily.
The frilled lizard hisses angrily.
The adder hisses angrily.
The bullfrog croaks.
You hear an angry hiss.
Casting: Sting (safe; 3% risk of failure)
Confirm with . or Enter, or press ? or * to list all spells.
Aiming: Sting (safe; 3% risk of failure)
Press: ? - help, Shift-Dir - straight line, f - adder
Aim: an adder (water, 57% to hit)
The sting hits the adder.
The adder is poisoned.
The adder is heavily wounded.
Casting: Sting (safe; 3% risk of failure)
Confirm with . or Enter, or press ? or * to list all spells.
Aiming: Sting (safe; 3% risk of failure)
Press: ? - help, Shift-Dir - straight line, f/p - adder
Aim: an adder (heavily wounded, poisoned, 57% to hit)
The sting misses the adder.
The sting hits the ball python.
The ball python is poisoned.
The ball python is heavily wounded.
The adder misses you. The bullfrog closely misses you. The adder bites you.
You are poisoned.
The adder poisons you!
You feel sick.
You kill the ball python!
The ball python bites you but does no damage.
The ball python grabs you. The ball python constricts you.
The bullfrog closely misses you. The adder bites you.
The ball python misses you. The ball python constricts you.
Your Poison Magic skill increases to level 5!
You escape the ball python's grasp.
You feel sick. The bullfrog misses you.
The bullfrog releases a deep croak.
You feel sick.
You enter the shallow water.
Moving in this stuff is going to be slow.
You feel sick. The bullfrog closely misses you. The adder bites you.
* * * LOW HITPOINT WARNING * * *
You are lethally poisoned!
The adder poisons you!
* * * LOW HITPOINT WARNING * * *
You feel sick. The bullfrog hits you.
You die...

#......##'##......##
......###..##......#
#..≈†.# #..###≈≈≈.##
≈≈≈≈÷≈# #####≈≈≈≈≈≈#
≈≈≈≈≈≈# #≈≈≈≈≈≈#
≈≈≈≈÷≈# #≈≈≈≈≈≈#
≈≈≈≈≈≈# #≈≈≈≈≈≈#
≈≈≈≈≈≈# #≈≈≈≈≈≈#
#..≈≈≈# #≈≈≈@≈≈#
....≈≈# #≈≈F#F≈#
#.≈..≈# #≈≈≈SSS#
≈≈≈≈≈≈# #≈≈≈≈.≈#
≈≈÷≈≈≈# #≈≈l≈≈≈#
≈≈≈≈≈≈# #≈≈≈≈#l#
≈≈≈≈≈≈# #≈≈≈≈≈≈#
≈≈≈≈≈≈# #≈≈≈≈≈≈#
≈≈≈≈≈≈# #≈≈≈≈≈≈#


You could see 2 bullfrogs, an adder, a ball python and 2 frilled lizards.

Vanquished Creatures
  5 adders
  2 river rats (Sewer)
  2 worms (D:2)
  2 dart slugs (D:1)
  An orc (D:3)
  14 ball pythons
  7 endoplasms
  2 giant cockroaches (D:1)
  3 goblins (D:1)
  5 hobgoblins
  9 jackals
  2 bats (D:1)
  3 frilled lizards (D:1)
  4 kobolds (D:1)
  28 rats
89 creatures vanquished.

Notes
Turn   | Place    | Note
-------+----------+-------------------------------------------
     0 | D:1      | tardwrangler69 the Spriggan Venom Mage began the quest for
                  | the Orb.
     0 | D:1      | Reached XP level 1. HP: 9/9 MP: 5/5
   403 | D:1      | Reached XP level 2. HP: 13/13 MP: 4/7
  1050 | D:1      | Reached XP level 3. HP: 16/16 MP: 4/8
  1195 | D:1      | Found Pouzeinyrgh's Jewellery Shop.
  1929 | D:2      | Reached skill level 4 in Poison Magic
  2341 | D:2      | Reached XP level 4. HP: 21/21 MP: 5/10
  2548 | D:2      | Found an ancient bone altar of Kikubaaqudgha.
  3008 | D:3      | Found a glowing drain.
  3167 | Sewer    | Entered a sewer
  3844 | Sewer    | Reached XP level 5. HP: 24/24 MP: 3/12
  4145 | Sewer    | Reached skill level 5 in Poison Magic
  4148 | Sewer    | Slain by a bullfrog

Illustrated notes

Levels and vault maps discovered:
D:1:      nicolae_arrival_somewhat_less_tricky_arrival, layout_basic,
          serial_shops, shop, minivault_24
D:2:      layout_loops_ring, amcnicky_mini_pool_small, kennysheep_flooded_box
D:3:      wad_river_or_something, layout_basic, gup_sewer_entry_bowl,
          ebering_ecumenical_altar_abandoned
Sewer:    sewer_minmay_w

Skill      XL: |  1  2  3  4  5 |
---------------+----------------+-----
Spellcasting   | 3 4 |  4.1
Transmutations | 2 |  2.4
Poison Magic   | 4 5 |  5.0
Dodging        | |  2.6
Stealth        | |  3.0

Action                   |  1- 3 |  4- 6 || total
-------------------------+-------+-------++-------
Melee: Unarmed           |     1 |       ||     1
       Short sword       |    12 |       ||    12
 Cast: Sting             |    66 |    90 ||   156
  Use: Scroll            |     4 |       ||     4
 Stab: Sleeping          |     1 |       ||     1
Armor: Robe              |     2 |     4 ||     6
Dodge: Dodged            |    23 |    56 ||    79

Table legend: (Time is in decaauts)
 A = Elapsed time spent in this place.
 B = Non-inter-level travel time spent in this place.
 C = Inter-level travel time spent in this place.
 D = Time resting spent in this place.
 E = Time spent auto-exploring this place.
 F = Levels seen in this place.
 G = Mean time per level.
                   A        B        C        D        E       F      G
               +--------+--------+--------+--------+--------+-----+--------+
         Total |   3293 |   3170 |    123 |     60 |   2519 |   4 |  823.2 |
       Dungeon |   2330 |   2207 |    123 |     60 |   1796 |   3 |  776.7 |
         Sewer |    962 |    962 |      0 |      0 |    723 |   1 |  962.0 |
               +--------+--------+--------+--------+--------+-----+--------+

Top non-repeatable levels by time:
     D:1: 1319 daAuts
   Sewer: 962 daAuts
     D:2: 694 daAuts
     D:3: 317 daAuts
